 Dungeon Crawl Stone Soup version 0.31.0-4-g52a2dc7128 (webtiles) character file.

Game seed: 17585829819713080004

397 Zeor the Ruffian (level 6, 0/47 HPs)
             Began as a Draconian Shapeshifter on Jan 22, 2024.
             Slain by a gnoll
             ... wielding a +2 spear of flaming
              (1 damage)
             ... on level 4 of the Dungeon.
             The game lasted 00:14:04 (2865 turns).

Zeor the Ruffian (Draconian Shapeshifter)           Turns: 2865, Time: 00:14:04

Health: 0/47       AC:  6    Str: 17    XL:     6   Next: 53%
Magic:  6/6        EV: 12    Int: 10    God:
Gold:   181        SH:  0    Dex: 12    Spells: 5/5 levels left

rFire   + .          .
                       - Unarmed
rCold   + . .        (no shield)
rNeg    . . .        (body armour unavailable)
rPois   +            (helmet currently unavailable)
rElec   +            (cloak currently unavailable)
rCorr   +            (gloves currently unavailable)
SInv    .            (boots currently unavailable)
Will    .....        (no amulet)
Stlth   +            (no ring)
HPRegen 0.27/turn    (no ring)
MPRegen 0.10/turn

%: no passive effects
@: brilliant, beast-form, resistant, attractive
A: beast (slay +2), AC +6, unfitting armour, cold-blooded
a: Begin Untransformation


You were on level 4 of the Dungeon.
You were a hulking beast.
You visited 2 branches of the dungeon, and saw 5 of its levels.

You collected 181 gold pieces.

Inventory:

Hand Weapons
 h - a +1 dagger of electrocution
Jewellery
 d - the Hermit's Pendant {Faith Invo=14 Evo=0 MP+5}
   (You found it on level 3 of the Dungeon)

   [amulet of faith]

   Invo=14: It sets your Invocations skill to 14.
   Evo=0: It sets your Evocations skill to 0.
   Faith:     It allows you to gain divine favour quickly.
   MP+5:      It affects your magic capacity (+5).
 o - a ring of magical power
Talismans
 b - a beast talisman
 c - a flux talisman
Scrolls
 a - a scroll of blinking
 f - a scroll of silence
 k - 2 scrolls of teleportation
 l - a scroll of vulnerability
 m - a scroll of immolation
Potions
 n - a potion of heal wounds {unknown}
 p - a potion of invisibility {unknown}


   Skills:
 + Level 1.2 Fighting
 * Level 3.1 Dodging
 + Level 0.3 Stealth
 + Level 6.1 Unarmed Combat
 * Level 3.9 Shapeshifting


You had 5 spell levels left.
You didn't know any spells.
Your spell library contained the following spells:

 Spells                   Type           Power      Damage    Failure   Level
 Ensorcelled Hibernation  Hex/Ice        0%         N/A       50%         2
 Passwall                 Erth           0%         N/A       75%         3
 Swiftness                Air            0%         N/A       75%         3


Dungeon Overview and Level Annotations

Branches:
Dungeon (4/15)             Temple (1/1) D:4

Altars:
Ashenzari
Cheibriados
Elyvilon
Fedhas
Gozag
Hepliaklqana
Kikubaaqudgha
Makhleb
Nemelex Xobeh
Okawaru
Qazlal
Ru
Sif Muna
Trog
Uskayaw
Vehumet
Wu Jian
Xom
Yredelemnul
Zin
The Shining One


Innate Abilities, Weirdness & Mutations

You are a hulking beast.
Your limbs bulge with bestial killing power. (Slay +2)
Your plain brown scales are hard. (AC +6)
You cannot fit into any form of body armour.
You are cold-blooded and may be slowed by cold attacks.


Message History

You completely miss the gnoll.
The gnoll is lightly wounded.
The gnoll hits you with a +2 spear of flaming.
* * * LOW HITPOINT WARNING * * *
The gnoll burns you.
* * * LOW HITPOINT WARNING * * *
You feel better. The gnoll hits you but does no damage.
You closely miss the gnoll. You tail-slap the gnoll.
The gnoll is heavily wounded.
You completely miss the gnoll.
The gnoll is heavily wounded.
The gnoll barely misses you.
Okay, then.
You hit the gnoll but do no damage.
The gnoll is heavily wounded.
The gnoll hits you with a +2 spear of flaming.
* * * LOW HITPOINT WARNING * * *
The gnoll burns you.
* * * LOW HITPOINT WARNING * * *
It was a potion of brilliance.
You feel clever all of a sudden. The gnoll barely misses you.
You closely miss the gnoll.
The gnoll is heavily wounded.
The gnoll hits you with a +2 spear of flaming.
* * * LOW HITPOINT WARNING * * *
The gnoll burns you.
* * * LOW HITPOINT WARNING * * *
It was a potion of resistance.
You feel protected. The gnoll misses you.
You barely miss the gnoll.
The gnoll is heavily wounded.
The gnoll closely misses you.
It was a potion of attraction.
You feel attractive to monsters.
The gnoll hits you with a +2 spear of flaming.
* * * LOW HITPOINT WARNING * * *
The gnoll burns you.
You die...

▒▒▒∙∙▒∙∙∙▒▒ ∙∙∙▒
∙▒∙∙▒∙∙∙∙∙∙∙∙∙▒▒▒∙∙▒
∙▒∙∙∙∙∙∙∙∙∙∙∙∙▒▒∙∙ ∙∙
▒∙∙∙∙∙∙∙▒▒∙▒ ∙
▒∙∙∙∙∙∙∙▒▒∙▒▒▒▒▒ ▒∙
▒▒▒∙∙>∙∙∙∙∙∙∙)∙∙∙
∙∙▒▒▒∙▒▒†∙∙∙∙∙∙∙▒▒∙▒▒▒▒▒
∙∙∙∙∙∙∙)>∙∙∙∙∙∙∙▒▒)▒
▒▒∙∙∙gh∙∙∙∙∙∙∙∙▒▒∙▒
∙∙∙∙▒∙▒▒▒▒∙∙∙∙∙▒▒▒∙▒
▒▒▒▒∙ ▒▒∙∙∙▒▒ ▒∙▒ ▒
▒▒▒∙∙▒ ∙∙∙ ▒▒∙∙∙∙∙∙
▒▒∙∙∙∙


You could see a gnoll.

Vanquished Creatures
  A bombardier beetle (D:2)
  A gnoll bouda (D:3)
  An iguana (D:4)
  An orc wizard (D:4)
  Terence (D:2)
  11 gnolls
  4 adders
  2 dart slugs (D:1)
  A ribbon worm (D:2)
  6 orcs
  11 endoplasms
  8 giant cockroaches
  4 goblins
  8 hobgoblins
  8 jackals
  9 kobolds
  5 quokkas
  10 ball pythons
  5 bats
  2 frilled lizards (D:1)
  3 rats (D:2)
102 creatures vanquished.

Notes
Turn   | Place    | Note
-------+----------+-------------------------------------------
     0 | D:1      | Zeor the Draconian Shapeshifter began the quest for the
                  | Orb.
     0 | D:1      | Reached XP level 1. HP: 16/16 MP: 1/1
   141 | D:1      | Reached XP level 2. HP: 12/23 MP: 2/2
   698 | D:2      | Reached XP level 3. HP: 28/28 MP: 3/3
   728 | D:2      | Noticed Terence
   738 | D:2      | Killed Terence
   869 | D:2      | Reached skill level 4 in Unarmed Combat
   880 | D:2      | Reached XP level 4. HP: 29/35 MP: 4/4
  1132 | D:2      | Reached XP level 5. HP: 40/40 MP: 5/5
  1293 | D:2      | Reached skill level 5 in Unarmed Combat
  1469 | D:2      | Identified the +3 leather armour of the Good {Harm Stlth+}
  2141 | D:3      | Found a faded altar of an unknown god.
  2197 | D:3      | Reached XP level 6. HP: 35/47 MP: 6/6
  2427 | D:3      | Found a faded altar of an unknown god.
  2427 | D:3      | Found the Hermit's Pendant {Faith Invo=14 Evo=0 MP+5}
  2645 | D:4      | Found a staircase to the Ecumenical Temple.
  2655 | Temple   | Entered the Ecumenical Temple
  2731 | D:4      | Found a burning altar of Makhleb.
  2794 | D:4      | Identified the +0 ring mail of the Forest {Int+5}
  2841 | D:4      | Reached skill level 6 in Unarmed Combat
  2865 | D:4      | HP: 1/47 [gnoll/+2 spear of flaming (4)]
  2865 | D:4      | Slain by a gnoll

Illustrated notes

Levels and vault maps discovered:
D:1:      dpeg_arrival_round_a, layout_rooms, st_stairs_7
D:2:      minmay_general_purpose_star, layout_basic, minmay_bisected,
          uniq_terence
D:3:      layout_basic, hellmonk_ecumenical_altar_blasted,
          hellmonk_guarded_unrand_hermit
D:4:      layout_rooms, bloody_makhleb, minmay_temple_entry_nine_rooms,
          nicolae_ossuary_entry_giza, nrook_loot_triangle, lightli_minifort
Temple:   nicolae_temple_slightly_damp_pantheon

Skill      XL: |  1  2  3  4  5  6 |
---------------+-------------------+-----
Dodging        | 2 3 |  3.1
Unarmed Combat | 4 5 6 |  6.1
Fighting       | |  1.2
Stealth        | |  0.3
Shapeshifting  | |  3.9

Action                     |  1- 3 |  4- 6 || total
---------------------------+-------+-------++-------
  Melee: Unarmed           |   100 |   201 ||   301
         Tailslap          |     7 |    20 ||    27
         Punch             |     1 |     5 ||     6
    Use: Scroll            |     6 |     3 ||     9
         Potion            |       |     7 ||     7
   Stab: Sleeping          |       |     1 ||     1
 Armour: Skin              |    49 |   117 ||   166
  Dodge: Dodged            |    58 |   119 ||   177
